 Dungeon Crawl Stone Soup version 0.21-a0-110-g8e1637b (webtiles) character file.

237235 terra52 the Basher (level 19, -4/142 HPs)
             Began as a Gnoll Skald on July 9, 2017.
             Was the Champion of Ru.
             Slain by a two-headed ogre
             ... wielding a +0 giant club
              (15 damage)
             ... on level 1 of the Vaults.
             The game lasted 02:03:29 (28870 turns).

terra52 the Basher (Gnoll Skald)                   Turns: 28870, Time: 02:03:29

Health: -4/142     AC: 16    Str: 22    XL:     19   Next: 23%
Magic:  32/32      EV: 17    Int: 17    God:    Ru [******]
Gold:   2059       SH:  0    Dex: 19    Spells: 26/36 levels left

rFire    x . .     SeeInvis .   V - +9 demon whip of Bloody Death {vamp, +Inv rC- Int+4 Stlth+}
rCold    x x .     Gourm    .   s - +2 buckler {rPois}
rNeg     . . .     Faith    .   O - +1 ring mail of the Trilobite {Str+3 Int-2 Dex+4}
rPois    +         Spirit   .   G - +2 hat
rElec    .         Reflect  .   c - +0 cloak {+Inv}
rCorr    .         Harm     +   N - +2 pair of gloves {Str+3}
MR       .....                  h - +1 pair of boots
Stlth    ..........             j - amulet of harm
HPRegen  0.33/turn              l - +3 ring of slaying
MPRegen  0.23/turn              U - +3 ring of strength

@: confused, exhausted, drained
A: short attention span, fangs 1, horns 1, large bone plates 1, clumsy 1, no
potion heal 1, no stealth, inability to use devices, hated by all, temperature
sensitive, strong nose
}: 2/15 runes: decaying, gossamer
a: Draw Out Power, Power Leap, Apocalypse, Renounce Religion


You were on level 1 of the Vaults.
You worshipped Ru.
Ru was exalted by your worship.
You were near starving.

You visited 7 branches of the dungeon, and saw 33 of its levels.

You collected 3305 gold pieces.
You spent 1246 gold pieces at shops.

Inventory:

Hand Weapons
 P - the +7 battleaxe "Ujuphoobb" {drain, rF++ MR- Str+2 SInv}
   (You found it on level 3 of the Swamp)

   A truly terrible weapon, it drains the life of those it strikes.
   It affects your strength (+2).
   It greatly protects you from fire.
   It affects your resistance to hostile enchantments.
   It lets you see invisible.
 V - the +9 demon whip of Bloody Death (weapon) {vamp, +Inv rC- Int+4 Stlth+}
   (You found it on level 1 of the Lair of Beasts)

   It inflicts no extra harm, but heals its wielder when it wounds a living foe.
   It affects your intelligence (+4).
   It makes you vulnerable to cold.
   It lets you turn invisible.
   It makes you more stealthy.
Missiles
 e - 4 javelins
 I - 39 tomahawks (quivered)
Armour
 c - a +0 cloak of invisibility (worn)
 h - a +1 pair of boots (worn)
 s - a +2 buckler of poison resistance (worn)
 G - a +2 hat (worn)
 N - a +2 pair of gloves of strength (worn)
 O - the +1 ring mail of the Trilobite (worn) {Str+3 Int-2 Dex+4}
   (You bought it in a shop on level 6 of the Dungeon)

   It affects your strength (+3).
   It affects your intelligence (-2).
   It affects your dexterity (+4).
Magical Staves
 L - an uncursed staff of cold
Jewellery
 a - an uncursed ring of poison resistance
 j - an amulet of harm (around neck)
 l - a +3 ring of slaying (left hand)
 q - an uncursed ring of protection from fire
 r - an uncursed ring of positive energy
 T - an uncursed ring of see invisible
 U - a +3 ring of strength (right hand)
 Z - an uncursed ring of protection from fire
Scrolls
 b - 2 scrolls of enchant weapon
 g - 12 scrolls of remove curse
 n - 6 scrolls of fog
 o - a scroll of amnesia {unknown}
 t - 12 scrolls of teleportation
 y - 2 scrolls of silence
 z - a scroll of blinking
 E - 2 scrolls of magic mapping
 H - 2 scrolls of torment
 M - 4 scrolls of identify
 Q - a scroll of holy word {unknown}
 W - a scroll of fear {unknown}
Potions
 f - 8 potions of haste
 k - 3 potions of berserk rage
 m - 4 potions of might
 p - 4 potions of magic
 v - 12 potions of heal wounds
 w - 2 potions of resistance
 x - 4 potions of agility
 A - 5 potions of mutation
 C - 4 potions of invisibility
 D - 6 potions of curing
 F - 5 potions of brilliance
 J - a potion of cancellation
 K - 7 potions of lignification
 S - 4 potions of flight
 X - 5 potions of ambrosia
Comestibles
 d - 24 bread rations
 i - 25 royal jellies
 u - 34 fruits
 B - 12 meat rations


   Skills:
 + Level 10.6(9.2) Fighting
   Level 7.5(7.7) Short Blades
   Level 9.1(8.2) Long Blades
 * Level 10.2(10.0) Axes
 + Level 11.6(10.9) Maces & Flails
 * Level 10.2(10.0) Staves
   Level 5.8(4.6) Bows
 + Level 5.5(4.3) Throwing
 + Level 9.2(7.9) Armour
 + Level 9.5(8.2) Dodging
 + Level 10.4(9.1) Shields
 + Level 9.4(8.1) Spellcasting
 * Level 10.1(8.8) Conjurations
 + Level 8.1(6.8) Hexes
 + Level 9.2(7.9) Charms
 + Level 7.5(6.2) Necromancy
 + Level 4.0(2.8) Translocations
 * Level 10.3(8.9) Fire Magic


You had 26 spell levels left.
You knew the following spells:

 Your Spells              Type           Power        Failure   Level  Hunger
a - Infusion              Chrm           ####         1%          1    None
b - Spectral Weapon       Hex/Chrm       ####....     2%          3    #......
c - Regeneration          Chrm/Necr      ####......   2%          3    #......
d - Shroud of Golubria    Chrm/Tloc      ####......   2%          2    None
e - Flame Tongue          Conj/Fire      #####        1%          1    None


Dungeon Overview and Level Annotations

Branches:
Dungeon (14/15)            Temple (0/1) D:5            Lair (6/6) D:9
  Swamp (4/4) Lair:2       Spider (4/4) Lair:4        Slime (2/5) Lair:6
    Orc (2/2) D:12            Elf (0/3) Orc:2        Vaults (1/5) D:14

Altars:
Ashenzari
Cheibriados
Kikubaaqudgha
Makhleb
Okawaru
Qazlal
Ru
Trog
Uskayaw
Vehumet
Wu Jian
Xom
Yredelemnul
The Shining One
Beogh

Shops:
D:6 ([   Orc:2 }?(!

Portals:
Pandemonium: Orc:2


Innate Abilities, Weirdness & Mutations

You have a short attention span.
You have very sharp teeth.
Potions are less effective at restoring your health.
You cannot be stealthy.
You cannot study or use magical devices.
You are hated by all.
You are sensitive to extremes of temperature. (rF-, rC-)
Your uncanny sense of smell can sniff out nearby items.
You have a pair of small horns on your head.
You are partially covered in large bone plates. (SH +4)
You are clumsy. (Dex -2)


Message History

Your shroud falls apart!
You block the two-headed ogre's attack. The two-headed ogre barely misses you.
You block the two-headed ogre's attack. The ogre completely misses you.
You're too exhausted to unleash your apocalyptic power.
You are confused.
Your system partially rejects the healing.
You feel invigorated. The two-headed ogre barely misses you.
The two-headed ogre hits you but does no damage.
You thrash the ogre!!
You kill the ogre!
You redirect the two-headed ogre's attack!
The two-headed ogre hits itself with a giant spiked club! x2
The two-headed ogre misses you. The two-headed ogre closely misses you.
You whack the two-headed ogre! You headbutt the two-headed ogre.
Your bite misses the two-headed ogre.
The two-headed ogre is almost dead.
You barely miss the two-headed ogre. Your bite misses the two-headed ogre.
The two-headed ogre is almost dead.
The two-headed ogre hits you with a giant club!
You die...

+..# #..# #..#######
#......... #.........
##################'###########
#.....†.......................
#.......†...O.)/....(.........
#.....†..O..O@O...............
#.....##'##+###..######.......
#...).#.......#..# #.......
#.....#.......#..# #.......
#.....#.......#..# ∆ #.......
#.....#.......#..# #####..†
#.....#.......#..# #.†.
#.....#.......#..+..)# #...
#.....##O#######+#.)c# #####


You could see 3 two-headed ogres and an ogre mage.

Vanquished Creatures
  Bai Suzhen (Spider:4)
  Nikola (Swamp:4)
  2 thorn hunters
  5 ghost moths
  7 emperor scorpions
  7 very ugly things
  3 entropy weavers
  The ghost of kmckee24 the Protected, a journeyman MiFi of Okawaru (D:11)
  Fannar (Lair:3)
  27 hydras
  A rakshasa (D:14)
  A catoblepas (Lair:6)
  5 two-headed ogres
  The ghost of NOFUNALLOWED the Basher, a novice CeCK of Xom (Lair:1)
  The ghost of NOFUNALLOWED the Basher, a novice CeCK of Xom (D:9)
  3 centaur warriors
  A tengu warrior (D:10)
  12 alligators
  An ogre mage (D:14)
  A deep troll shaman (Lair:6)
  3 orc high priests (Orc:2)
  13 death yaks
  2 sun demons (Orc:2)
  10 skeletal warriors
  A torturous demonspawn (Orc:2)
  10 swamp dragons
  An unseen horror (D:10)
  A wizard (Vaults:1)
  A deep elf archer (D:14)
  2 gelid demonspawn (Orc:2)
  5 spriggan druids
  An infernal demonspawn (Orc:2)
  7 orc knights (Orc:2)
  2 shambling mangroves
  26 wolf spiders
  4 cyclopes
  3 manticores
  12 orb spiders
  2 deep elf magi (D:14)
  8 orc sorcerers (Orc:2)
  22 ugly things
  4 black mambas
  3 moths of wrath
  Maurice (D:13)
  2 elephants (Lair:6)
  8 orange demons
  19 spiny frogs
  2 torpor snails
  12 yaktaurs
  10 komodo dragons
  3 rime drakes
  An ice devil (Orc:2)
  A queen bee (D:12)
  A hellwing (Orc:2)
  2 red devils (D:10)
  12 demonic crawlers
  16 hornets
  29 jumping spiders
  3 trolls
  11 tyrant leeches
  A tengu conjurer (D:14)
  3 meliai (D:12)
  6 polar bears
  Prince Ribbit (D:8)
  24 blink frogs
  32 slime creatures
  2 bog bodies (Swamp:1)
  5 hippogriffs
  A vampire (D:14)
  2 shadows (D:12)
  51 redbacks
  10 spriggans
  32 tarantellas
  A basilisk (Lair:5)
  A wraith (D:10)
  3 wyverns
  28 vampire mosquitoes
  A hungry ghost (D:12)
  69 yaks
  11 insubstantial wisps
  A warg (D:12)
  23 swamp worms
  6 water moccasins
  11 porcupines
  15 swamp drakes
  4 black bears
  5 ice beasts
  A necrophage (D:5)
  44 orc warriors
  4 sky beasts
  2 phantoms
  15 ogres
  12 centaurs
  10 wolves (Lair:6)
  3 boggarts (D:14)
  8 crocodiles
  2 big kobolds
  10 bullfrogs
  4 scorpions
  9 wights (D:9)
  35 killer bees
  9 howler monkeys
  2 electric eels
  2 bullfrog zombies
  7 crimson imps
  3 jellies
  42 orc priests
  3 bullfrog skeletons
  5 hounds
  6 centaur skeletons
  2 iguanas
  35 orc wizards
  9 worker ants
  A hound zombie (D:11)
  A worker ant zombie (D:5)
  4 gnolls (D:9)
  16 adders
  A shadow imp (D:9)
  An ooze (D:4)
  2 worms (D:6)
  3 dart slugs
  6 leopard geckos
  103 orcs
  4 giant cockroaches
  13 goblins
  7 hobgoblins
  4 jackals
  32 kobolds
  3 quokkas
  2 ball pythons
  10 bats
  6 frilled lizards
  9 rats
  A spectral orc (D:8)
  12 briar patches
  7 fungi
  7 plants
1246 creatures vanquished.

Vanquished Creatures (others)
  A very ugly thing (Vaults:1)
  A hydra (Lair:6)
  A spriggan (Swamp:2)
  2 wolf spiders
  An elephant (Lair:6)
  4 jumping spiders
  2 hornets (Swamp:2)
  2 trolls
  A blink frog (Swamp:4)
  A redback (Spider:4)
  An ogre (D:5)
  A kobold (D:7)
  A briar patch (Swamp:4)
  7 fungi
  8 plants
  27 spectral weapons
61 creatures vanquished.

Grand Total: 1307 creatures vanquished

Notes
Turn   | Place    | Note
-------+----------+-------------------------------------------
     0 | D:1      | terra52 the Gnoll Skald began the quest for the Orb.
     0 | D:1      | Reached XP level 1. HP: 18/18 MP: 5/5
    29 | D:1      | Reached skill level 5 in Charms
   214 | D:1      | Reached XP level 2. HP: 24/24 MP: 6/6
   493 | D:1      | Reached XP level 3. HP: 29/29 MP: 4/8
  1028 | D:1      | Learned a level 3 spell: Spectral Weapon
  1253 | D:2      | Found an ancient bone altar of Kikubaaqudgha.
  1327 | D:2      | Reached skill level 1 in Hexes
  1336 | D:2      | Reached XP level 4. HP: 37/37 MP: 2/10
  1828 | D:3      | Reached skill level 5 in Long Blades
  1899 | D:3      | Found a glowing golden altar of the Shining One.
  1927 | D:3      | Found a snail-covered altar of Cheibriados.
  2007 | D:3      | Reached XP level 5. HP: 42/42 MP: 7/11
  2061 | D:3      | Learned a level 3 spell: Regeneration
  2130 | D:3      | Noticed a centaur
  2137 | D:3      | Killed a centaur
  2137 | D:3      | Reached skill level 1 in Necromancy
  2137 | D:3      | Reached XP level 6. HP: 47/49 MP: 8/12
  2540 | D:4      | Found a sacrificial altar of Ru.
  2565 | D:4      | Became a worshipper of Ru the Awakened
  2635 | D:4      | Found an iron altar of Okawaru.
  2878 | D:4      | Found a snail-covered altar of Cheibriados.
  2928 | D:3      | Reached skill level 5 in Spellcasting
  3009 | D:4      | Reached XP level 7. HP: 51/55 MP: 9/14
  3019 | D:4      | Found a shimmering altar of Xom.
  3039 | D:4      | Reached skill level 1 in Short Blades
  3039 | D:4      | Reached skill level 5 in Dodging
  3043 | D:4      | Learned a level 2 spell: Shroud of Golubria
  3265 | D:4      | Reached skill level 5 in Armour
  3480 | D:4      | Gained mutation: You cannot study or use magical devices. [Ru sacrifice]
  3480 | D:4      | Reached * piety under Ru
  3480 | D:4      | Reached ** piety under Ru
  3575 | D:5      | Entered Level 5 of the Dungeon
  3581 | D:5      | Reached XP level 8. HP: 61/61 MP: 11/15
  4029 | D:5      | Found a staircase to the Ecumenical Temple.
  4374 | D:5      | Reached skill level 5 in Hexes
  4662 | D:6      | Reached skill level 1 in Stealth
  4769 | D:6      | Reached skill level 1 in Translocations
  4800 | D:6      | Found Jaychen's Antique Armour Boutique.
  4808 | D:6      | Bought a steaming ring mail for 252 gold pieces
  4808 | D:6      | Identified the cursed +1 ring mail of the Trilobite {Str+3 Int-2 Dex+4} (You bought it in a shop on level 6 of the Dungeon)
  4843 | D:6      | Found Xoqoej's Weapon Emporium.
  4906 | D:6      | Found a stormy altar of Qazlal.
  4938 | D:6      | Reached skill level 5 in Fighting
  4976 | D:6      | Reached skill level 1 in Bows
  5184 | D:6      | Reached XP level 9. HP: 68/68 MP: 17/17
  5228 | D:6      | Reached skill level 5 in Short Blades
  5236 | D:6      | Gained mutation: You have an increased reservoir of magic. (+10% MP) [mutagenic meat]
  5406 | D:7      | Reached skill level 1 in Throwing
  5431 | D:7      | Found a shattered altar of Ashenzari.
  5524 | D:7      | Gained mutation: You are sensitive to extremes of temperature. (rF-, rC-) [Ru sacrifice]
  5524 | D:7      | Reached *** piety under Ru
  5524 | D:7      | Reached **** piety under Ru
  5524 | D:7      | Reached ***** piety under Ru
  5619 | D:7      | Reached skill level 5 in Necromancy
  5670 | D:7      | Found a burning altar of Makhleb.
  5676 | D:7      | Found an ornate altar of the Wu Jian Council.
  5689 | D:7      | Found a bloodstained altar of Trog.
  6043 | D:8      | Noticed Prince Ribbit
  6063 | D:8      | Killed Prince Ribbit
  6067 | D:8      | Found a radiant altar of Vehumet.
  6073 | D:8      | Reached skill level 5 in Stealth
  6073 | D:8      | Reached XP level 10. HP: 25/76 MP: 11/21
  6491 | D:8      | Noticed a two-headed ogre
  6511 | D:8      | Killed a two-headed ogre
  6511 | D:8      | Reached skill level 5 in Bows
  6609 | D:8      | Found a basalt altar of Yredelemnul.
  6752 | D:9      | Reached skill level 1 in Shields
  6828 | D:9      | Noticed NOFUNALLOWED's ghost (novice CeCK)
  6952 | D:9      | Killed NOFUNALLOWED's ghost
  7275 | D:9      | Found a staircase to the Lair.
  7416 | D:9      | Gained mutation: You cannot be stealthy. [Ru sacrifice]
  7490 | D:10     | Entered Level 10 of the Dungeon
  7505 | D:9      | Reached XP level 11. HP: 60/84 MP: 19/24
  7855 | D:10     | Noticed a two-headed ogre
  7868 | D:10     | Killed a two-headed ogre
  7932 | D:10     | Noticed an unseen horror
  7944 | D:10     | Killed an unseen horror
  8007 | D:10     | Noticed a tengu warrior
  8173 | D:10     | Reached skill level 5 in Shields
  8247 | Lair:1   | Entered Level 1 of the Lair of Beasts
  8332 | Lair:1   | Got a twisted demon whip
  8334 | Lair:1   | Identified the +9 demon whip of Bloody Death {vamp, +Inv rC- Int+4 Stlth+} (You found it on level 1 of the Lair of Beasts)
  8378 | Lair:1   | Reached skill level 1 in Maces & Flails
  8405 | Lair:1   | Reached skill level 2 in Maces & Flails
  8651 | Lair:1   | Reached skill level 3 in Maces & Flails
  8692 | Lair:1   | Reached skill level 4 in Maces & Flails
  8806 | Lair:1   | Noticed NOFUNALLOWED's ghost (novice CeCK)
  8815 | Lair:1   | Killed NOFUNALLOWED's ghost
  8815 | Lair:1   | Reached skill level 5 in Maces & Flails
  8815 | Lair:1   | Reached XP level 12. HP: 89/92 MP: 7/26
  8920 | Lair:1   | Noticed a seven-headed hydra
  8928 | Lair:1   | Killed a seven-headed hydra
  8928 | Lair:1   | Reached skill level 6 in Maces & Flails
  9392 | Lair:1   | You fall through a shaft!
  9392 | Lair:2   | Found a staircase to the Swamp.
  9792 | Lair:2   | Gained mutation: You are hated by all. [Ru sacrifice]
 10003 | Lair:2   | Reached skill level 7 in Maces & Flails
 10319 | Lair:2   | Lost mutation: You have an increased reservoir of magic. (+10% MP) [potion of mutation]
 10319 | Lair:2   | Gained mutation: You are clumsy. (Dex -2) [potion of mutation]
 10319 | Lair:2   | Gained mutation: You are partially covered in large bone plates. (SH +4) [potion of mutation]
 10319 | Lair:2   | Gained mutation: You have a pair of small horns on your head. [potion of mutation]
 10524 | Lair:3   | Noticed Fannar
 10571 | Lair:2   | Reached skill level 8 in Maces & Flails
 10594 | Lair:3   | Killed Fannar
 10666 | Lair:3   | Learned a level 1 spell: Flame Tongue
 11059 | Lair:2   | Reached skill level 1 in Fire Magic
 11292 | Lair:4   | Found a hole to the Spider Nest.
 11347 | Lair:4   | Reached skill level 1 in Conjurations
 11370 | Lair:4   | Gained mutation: Potions are less effective at restoring your health. [Ru sacrifice]
 11370 | Lair:4   | Reached ****** piety under Ru
 11916 | Lair:5   | Reached skill level 9 in Maces & Flails
 11916 | Lair:5   | Reached XP level 13. HP: 86/99 MP: 22/25
 12182 | Lair:5   | Reached skill level 1 in Staves
 12320 | Lair:5   | Reached skill level 1 in Axes
 12320 | Lair:5   | Reached skill level 5 in Fire Magic
 13039 | Lair:6   | Entered Level 6 of the Lair of Beasts
 13247 | Lair:6   | Reached skill level 5 in Conjurations
 13318 | Lair:6   | Found a staircase to the Slime Pits.
 13497 | Lair:6   | Reached skill level 5 in Staves
 13521 | Lair:6   | Found a hide-covered altar of Uskayaw.
 13723 | Lair:6   | Reached skill level 5 in Axes
 13743 | Lair:6   | Reached XP level 14. HP: 108/108 MP: 17/26
 13989 | Lair:6   | Identified the Handbook of the Oath and Flames
 14440 | D:6      | Bought an encrusted chain mail for 266 gold pieces
 14440 | D:6      | Identified the +7 chain mail of Cowardice {Stlth+} (You bought it in a shop on level 6 of the Dungeon)
 14675 | Spider:1 | Entered Level 1 of the Spider Nest
 14705 | Spider:1 | Reached skill level 10 in Maces & Flails
 15710 | Spider:2 | Reached XP level 15. HP: 98/114 MP: 27/27
 15873 | Spider:2 | Noticed an emperor scorpion
 15885 | Spider:2 | Killed an emperor scorpion
 16735 | Swamp:1  | Entered Level 1 of the Swamp
 16816 | Swamp:1  | Reached skill level 5 in Throwing
 18404 | Swamp:2  | Identified a scroll of acquirement
 18678 | Swamp:3  | Reached XP level 16. HP: 121/121 MP: 26/29
 19104 | Swamp:3  | Identified the +7 battleaxe "Ujuphoobb" {drain, rF++ MR- Str+2 SInv} (You found it on level 3 of the Swamp)
 19188 | Swamp:3  | Noticed a thorn hunter
 19205 | Swamp:4  | Entered Level 4 of the Swamp
 19300 | Swamp:4  | Noticed Nikola
 19313 | Swamp:4  | Killed Nikola
 19432 | Swamp:4  | Reached skill level 10 in Fighting
 19501 | Swamp:4  | Got a decaying rune of Zot
 19746 | Swamp:4  | Noticed a thorn hunter
 19784 | Swamp:3  | Killed a thorn hunter
 19784 | Swamp:3  | Reached skill level 10 in Shields
 19867 | Swamp:4  | Killed a thorn hunter
 19867 | Swamp:4  | Reached skill level 11 in Maces & Flails
 20197 | Slime:1  | Entered Level 1 of the Pits of Slime
 20202 | Slime:2  | Noticed an acid blob
 20228 | Slime:1  | Reached XP level 17. HP: 25/128 MP: 21/30
 20879 | Spider:4 | Entered Level 4 of the Spider Nest
 21758 | Spider:4 | Noticed Bai Suzhen
 21821 | Spider:4 | Killed Bai Suzhen
 22041 | Spider:4 | Got a gossamer rune of Zot
 22867 | D:11     | Noticed kmckee24's ghost (journeyman MiFi)
 22893 | D:11     | Killed kmckee24's ghost
 23117 | D:11     | Reached XP level 18. HP: 135/135 MP: 31/31
 23542 | D:12     | Found a staircase to the Orcish Mines.
 23576 | Orc:1    | Entered Level 1 of the Orcish Mines
 23832 | Orc:2    | Entered Level 2 of the Orcish Mines
 23832 | Orc:2    | Found a roughly hewn altar of Beogh.
 24107 | Orc:2    | Found Rimy's Distillery.
 24109 | Orc:2    | Found Nadghucs's Magic Scroll Shop.
 24199 | Orc:2    | Bought a scroll of identify for 34 gold pieces
 24199 | Orc:2    | Bought a scroll of identify for 34 gold pieces
 24426 | Orc:2    | Reached skill level 10 in Fire Magic
 25046 | Orc:2    | Found a roughly hewn altar of Beogh.
 25110 | Orc:2    | Found a staircase to the Elven Halls.
 25324 | Orc:2    | Found Xurr's Antique Weapon Shoppe.
 25324 | Orc:2    | Found Kapsif's Gadget Emporium.
 25324 | Orc:2    | Found a one-way gate leading to the halls of Pandemonium.
 25330 | Orc:2    | Bought an iridescent whip for 300 gold pieces
 25330 | Orc:2    | Identified the +7 whip of Precise Incision {slash, Dex+5} (You bought it in a shop on level 2 of the Orcish Mines)
 25332 | Orc:2    | Bought a faintly glowing dire flail for 360 gold pieces
 25332 | Orc:2    | Identified the +4 dire flail "Cuatwuj" {drain, Fragile rPois rF+++ rN+} (You bought it in a shop on level 2 of the Orcish Mines)
 25375 | Orc:2    | Reached skill level 10 in Axes
 26645 | D:13     | Reached skill level 10 in Staves
 26685 | D:13     | Noticed Maurice
 26693 | D:13     | Killed Maurice
 27637 | D:14     | Reached skill level 10 in Conjurations
 28382 | D:14     | Found a gate to the Vaults.
 28541 | Vaults:1 | Entered Level 1 of the Vaults
 28560 | Vaults:1 | Reached XP level 19. HP: 142/142 MP: 32/32
 28866 | Vaults:1 | HP: 2/142 [two-headed ogre/giant club (12)]
 28870 | Vaults:1 | Slain by a two-headed ogre

Vault maps used:
D:1:      eino_arrival_cavern_a, grunt_decor_one_mirror, minmay_pentomino_q2
D:2:      cheibrodos_greedy_goblins, lemuel_crystal_altar,
          hangedman_decor_opposing
D:3:      nicolae_tso_carved_into_rock, nicolae_overflow_crystal_walls
D:4:      kennysheep_kobold_camp, kennysheep_okawaru_gauntlet,
          marbit_many_paths, nicolae_ru_great_annihilating_truth, first_bread,
          kennysheep_slug_shrine
D:5:      minmay_temple_entry_mist, minmay_door_square,
          minmay_misc_feat_columns, grunt_decor_resistance
D:6:      serial_shops, shop, kennysheep_mini_moat, grunt_qazlal_sundering
D:7:      cheibrodos_ashenzari_chains, grunt_temple_overflow_diamond
D:8:      yredelemnul_forgotten_temple_becter, basic_altar, uniq_prince_ribbit1
D:9:      lair_entry_dummy
D:10:     grunt_tengu_nest, minmay_beelzebubs_servants
D:12:     david_orc_3, special_room
D:13:     hangedman_abyss_or_decor_stabs, minivault_26,
          einodemon_crawler_minivault, uniq_maurice
D:14:     hangedman_vaults_entry_quadrant_bands
Lair:2:   minmay_swamp_entry_worms
Lair:3:   cheibrodos_lair_lostbears, infiniplex_staircase_pool,
          lemuel_fruit_tree, uniq_fannar
Lair:4:   spider_nest_entry_a, st_stairs_5
Lair:5:   grunt_megastairs_4
Lair:6:   grunt_lair_end_beastmaster, slime_dummy, basic_altar
Swamp:1:  evilmike_swamp_ruin_rubble_2, infiniplex_staircase_pool_2
Swamp:2:  nicolae_swamp_orc_logging_accident, swamp_pool1,
          nicolae_swamp_spriggan_camp
Swamp:3:  nicolae_swamp_dense_foliage
Swamp:4:  swamp, uniq_nikola
Spider:4: grunt_spider_rune_parallel, uniq_bai_suzhen
Orc:2:    pf_orc_diabolical, basic_altar, mines1_david
Vaults:1: hangedman_vaults_hat, v_alt_pattern_3, vaults_dpeg_diagonal,
          hangedman_vaults_slice, nicolae_vaults_three_branches,
          hangedman_vaults_river_flow, kb_rosetta, v_misc_32, v_misc_12,
          v_misc_13, vaults_room_semicircle, ontoclasm_vaults_twist

Skill      XL: |  1  2  3  4  5  6  7  8  9 10 11 12 13 14 15 16 17 18 |
---------------+-------------------------------------------------------+-----
Charms         | 5 6 7 8 9 |  9.2
Spellcasting   | 4 5 6 7 8 9 |  9.4
Long Blades    | 4 5 6 7 8 9 |  9.1
Fighting       | 4 5 6 7 8 9 10 | 10.6
Hexes          | 1 2 3 4 5 6 7 8 |  8.1
Armour         | 2 3 4 5 6 7 8 9 |  9.2
Dodging        | 4 5 6 7 8 9 |  9.5
Necromancy     | 1 3 4 5 6 7 |  7.5
Short Blades   | 2 4 6 7 |  7.5
Stealth        | 2 5 0 |  0.0
Translocations | 2 3 4 |  4.0
Bows           | 2 4 5 |  5.8
Throwing       | 3 4 5 |  5.5
Shields        | 3 6 7 8 9 10 | 10.4
Maces & Flails | 5 9 10 11 | 11.6
Fire Magic     | 4 6 7 8 9 10 | 10.3
Conjurations   | 2 6 7 8 9 10 | 10.1
Staves         | 5 7 8 9 10 | 10.2
Axes           | 5 7 8 9 10 | 10.2

Action                   |  1- 3 |  4- 6 |  7- 9 | 10-12 | 13-15 | 16-18 | 19-21 || total
-------------------------+-------+-------+-------+-------+-------+-------+-------++-------
Melee: Falchion          |    79 |   167 |   282 |   249 |       |       |       ||   777
       Bite              |     6 |    16 |    35 |    75 |   127 |   226 |     9 ||   494
       Demon whip        |       |       |       |   220 |   865 |  1467 |    93 ||  2645
       Headbutt          |       |       |       |    36 |   204 |   408 |    22 ||   670
       Battleaxe         |       |       |       |       |       |     8 |       ||     8
 Fire: Shortbow          |       |       |    10 |     8 |       |       |       ||    18
Throw: Tomahawk          |       |       |    10 |    18 |    15 |    11 |       ||    54
 Cast: Infusion          |    11 |     4 |       |       |       |       |       ||    15
       Spectral Weapon   |       |     8 |    26 |    36 |    22 |    34 |     5 ||   131
       Regeneration      |       |     1 |    13 |    45 |    17 |    54 |       ||   130
       Shroud of Golubri |       |       |     8 |    13 |     2 |     5 |     1 ||    29
       Flame Tongue      |       |       |       |     1 |     4 |     1 |       ||     6
Invok: Sacrifice Artific |       |       |     1 |       |       |       |       ||     1
       Power Leap        |       |       |     1 |     8 |    17 |    16 |     1 ||    43
       Sacrifice Resista |       |       |     1 |       |       |       |       ||     1
       Apocalypse        |       |       |       |     4 |     7 |    13 |     1 ||    25
       Sacrifice Stealth |       |       |       |     1 |       |       |       ||     1
       Sacrifice Purity  |       |       |       |     1 |       |       |       ||     1
       Sacrifice Love    |       |       |       |     1 |       |       |       ||     1
       Draw Out Power    |       |       |       |       |     1 |       |       ||     1
  Use: Scroll            |     1 |       |     7 |    14 |     8 |    10 |     2 ||    42
       Potion            |       |     1 |       |     1 |       |       |     1 ||     3
 Stab: Paralysed         |       |     1 |       |    11 |    38 |    19 |       ||    69
       Distracted        |       |       |     3 |     6 |     9 |    19 |     2 ||    39
       Confused          |       |       |     1 |       |     1 |       |       ||     2
       Invisible         |       |       |     3 |     5 |     5 |    25 |     2 ||    40
       Sleeping          |       |       |       |     4 |       |       |       ||     4
       Held in net/web   |       |       |       |       |     2 |       |       ||     2
  Eat: Chunk             |     1 |     7 |    14 |    25 |    23 |    34 |       ||   104
       Meat ration       |       |       |       |     1 |       |     1 |       ||     2
       Fruit             |       |       |       |       |       |     2 |       ||     2
Armor: Leather armour    |    13 |       |       |       |       |       |       ||    13
       Ring mail         |     9 |    65 |   105 |    89 |   150 |   284 |     9 ||   711
Dodge: Dodged            |    57 |   118 |   157 |   245 |   315 |   613 |    29 ||  1534
Block: Large shield      |       |       |       |    34 |       |       |       ||    34
       Other             |       |       |       |     8 |       |     2 |       ||    10
       Buckler           |       |       |       |     6 |   355 |   654 |    24 ||  1039
       Rpst.: Falchion   |    14 |    34 |    51 |    41 |       |       |       ||   140
